AoeStats
← dohteM

Arabia

510466136Analyzed
1v1 RM · 1d ago on Oct 1, 2026· 37m 27s· 2 players
Game mode
Random Map
Map size
Tiny (2 player)
Population
200
Speed
Normal
Resources
Standard
Victory
Conquest
Starting age
Dark Age
Ending age
Imperial Age
RankedLock teamsTeams togetherTeam positionsShared explorationLock speedFull tech treeHidden civsTurbo modeCheats
Victory
Defeat
🇭🇰 Danes · Hong Kong SAR China
903
+16
🇺🇸 Vietnamese · United States
905
-45
brianon99
6:49 Loom
11:09 Feudal Age
11:51 Double-Bit Axe
11:49 Horse Collar
18:30 Castle Age
19:25 Wheelbarrow
20:17 Scale Mail Armor
20:55 Bow Saw
20:52 Heavy Plow
21:19 Town Watch
24:08 Fletching
23:45 Elite Skirmisher
27:06 Chain Mail Armor
29:12 Thumb Ring
30:32 Bodkin Arrow
33:42 Imperial Age
35:02 Bracer
35:35 Plate Mail Armor
35:16 Forging
36:54 Padded Archer Armor
37:13 Squires
37:01 Hamask
dohteM
9:25 Loom
12:48 Feudal Age
18:06 Castle Age
16:25 Double-Bit Axe
16:23 Horse Collar
21:57 Bow Saw
21:52 Heavy Plow
22:45 Wheelbarrow
22:39 Crossbowman
23:58 Squires
24:36 Stone Mining
25:00 Forging
31:37 Fletching
32:48 Bodkin Arrow
Connection lost

Rejoining the realm…

Still unreachable

The connection could not be restored.

Session expired

The server has moved on; the page needs a fresh start.